 Dungeon Crawl Stone Soup version 0.28.0-43-g3370ac3207 (webtiles) character file.

Game seed: 8988895942494103564

0 Pemander the Reanimator (level 1, 0/17 HPs)
             Began as a Gnoll Wanderer on Mar 18, 2022.
             Slain by a kobold
             ... wielding a +0 dagger of venom
              (2 damage)
             ... on level 1 of the Dungeon.
             The game lasted 00:00:22 (151 turns).

Pemander the Reanimator (Gnoll Wanderer)             Turns: 151, Time: 00:00:23

Health: 0/17       AC:  2    Str:  9    XL:     1   Next: 10%
Magic:  4/4        EV: 12    Int: 15    God:
Gold:   18         SH:  0    Dex:  9    Spells: 4/5 levels left

rFire   . . .      SeeInvis .   a - +0 club
rCold   . . .      Faith    .   (no shield)
rNeg    . . .      Spirit   .   c - +0 robe
rPois   .          Reflect  .   (no helmet)
rElec   .          Harm     .   (no cloak)
rCorr   .          Rampage  .   (no gloves)
Will    .....                   (no boots)
Stlth   +.........              (no amulet)
HPRegen 0.05/turn               (no ring)
MPRegen 0.09/turn               (no ring)

@: no status effects
A: fangs 1, strong nose, distributed training
a: no special abilities


You were on level 1 of the Dungeon.
You visited 1 branch of the dungeon, and saw 1 of its levels.

You collected 18 gold pieces.

Inventory:

Hand Weapons
 a - a +0 club (weapon)
Armour
 c - a +0 robe (worn)
 e - a +2 helmet
Wands
 b - a wand of polymorph (5)
Potions
 d - a potion of attraction


   Skills:
 + Level 2.3 Fighting
 + Level 0.0 Short Blades
 + Level 0.0 Long Blades
 + Level 0.0 Axes
 + Level 0.0 Maces & Flails
 + Level 0.0 Polearms
 + Level 0.0 Staves
 + Level 0.0 Slings
 + Level 0.0 Bows
 + Level 0.0 Crossbows
 + Level 2.3 Throwing
 + Level 0.0 Armour
 + Level 2.3 Dodging
 + Level 0.0 Stealth
 + Level 0.0 Shields
 + Level 0.0 Unarmed Combat
 + Level 2.6 Spellcasting
 + Level 0.0 Conjurations
 + Level 0.0 Hexes
 + Level 0.0 Summonings
 + Level 8.7 Necromancy
 + Level 0.0 Translocations
 + Level 0.0 Transmutations
 + Level 0.0 Fire Magic
 + Level 0.0 Ice Magic
 + Level 0.0 Air Magic
 + Level 0.0 Earth Magic
 + Level 0.0 Poison Magic
 + Level 0.0 Invocations
 + Level 2.3 Evocations


You had 4 spell levels left.
You knew the following spells:

 Your Spells              Type           Power      Damage    Failure   Level
a - Pain                  Necr           100%       1d9       1%          1

Your spell library contained the following spells:

 Spells                   Type           Power      Damage    Failure   Level
 Sublimation of Blood     Necr           28%        N/A       1%          2
 Vampiric Draining        Necr           28%        2d8       1%          3


Dungeon Overview and Level Annotations

Branches:
Dungeon (1/15)

Altars:


Innate Abilities, Weirdness & Mutations

You have very sharp teeth.
Your uncanny sense of smell can sniff out nearby items.
Your experience applies equally to all skills.


Message History

There is a stone staircase leading down here.
You barely miss the hobgoblin. The hobgoblin closely misses you.
You hit the hobgoblin but do no damage. The hobgoblin barely misses you.
The hobgoblin closely misses you.
You completely miss the hobgoblin. The hobgoblin hits you.
You hit the hobgoblin.
The hobgoblin is severely wounded.
The hobgoblin hits you.
You closely miss the hobgoblin.
The hobgoblin is severely wounded.
The hobgoblin barely misses you.
You closely miss the hobgoblin.
The hobgoblin is severely wounded.
The hobgoblin barely misses you. x2
You barely miss the hobgoblin.
The hobgoblin is severely wounded.
The hobgoblin barely misses you.
You barely miss the hobgoblin.
The hobgoblin is severely wounded.
The hobgoblin hits you.
You open the door. The hobgoblin hits you.
* * * LOW HITPOINT WARNING * * *
Found a bubbling brown potion.
There is an open door here.
Found a glowing helmet.
You barely miss the hobgoblin.
The hobgoblin is severely wounded.
The hobgoblin hits you.
* * * LOW HITPOINT WARNING * * *
The hobgoblin hits you.
* * * LOW HITPOINT WARNING * * *
A kobold comes into view. It is wielding a +0 dagger of venom.
The kobold shouts!
The kobold throws a stone.
The stone hits you.
* * * LOW HITPOINT WARNING * * *
You see here a +2 helmet.
e - a +2 helmet The hobgoblin closely misses you.
The kobold hits you with a +0 dagger of venom.
You die...

........⌠...#.#
#.......#
..≈.........###
#.......#.
.......⌠...###
#l......#.
⌠...⌠......gg#####
#g......#.
..........##lg.l.#
#g#######
.......#########g#
#.# ######## #.#
##.# #g# #..#
#@###.#.#
#K#.>.#...
#...#####...
#.....# .##.
......#.# #
........#...
....#.#.# ...
........# #....
....#.#.. .###


You could see a hobgoblin, a goblin, a kobold and a frilled lizard.

Vanquished Creatures
  A rat (D:1)
1 creature vanquished.

Notes
Turn   | Place    | Note
-------+----------+-------------------------------------------
     0 | D:1      | Pemander the Gnoll Wanderer began the quest for the Orb.
     0 | D:1      | Pemander set off with the following items: a +0 club, a
                  | wand of polymorph (5), a +0 robe, a potion of attraction;
                  | and the following spell memorised: Pain; and the following
                  | spells available to memorise: Sublimation of Blood,
                  | Vampiric Draining
     0 | D:1      | Reached XP level 1. HP: 17/17 MP: 4/4
   151 | D:1      | Slain by a kobold

Illustrated notes

Levels and vault maps discovered:
D:1:      dpeg_arrival_stone_temple_mockup, layout_loops_ring,
          hellmonk_ecumenical_altar_run_dry, serial_co_window_serial,
          co_window_paths_a, co_window_of_opportunity_a, co_window_paths_a,
          co_window_cross_1, co_window_paths_b, co_window_unsneaky_path_e,
          co_window_unsneaky_path_a, co_window_of_opportunity_c,
          co_window_broadway_c, glass_columns_a, nrook_loot_triangle

Action                   || total
-------------------------++-------
Melee: Club              ||    15
       Bite              ||     1
Armor: Robe              ||     1
Dodge: Dodged            ||    13
